 Dungeon Crawl Stone Soup version 0.29-a0-231-g945431f764 (webtiles) character file.

Game seed: 10141119709854208015

59 Ajdolov the Bolt Thrower (level 4, 0/33 HPs)
             Began as a Formicid Hunter on Feb 28, 2022.
             Slain by a hound (3 damage)
             ... on level 3 of the Dungeon.
             The game lasted 00:02:27 (2035 turns).

Ajdolov the Bolt Thrower (Formicid Hunter)          Turns: 2035, Time: 00:02:28

Health: 0/33       AC:  3    Str: 17    XL:     4   Next: 22%
Magic:  4/4        EV: 11    Int: 10    God:
Gold:   123        SH:  0    Dex: 13    Spells: 3/3 levels left

rFire   . . .      SeeInvis +   c - +0 falchion
rCold   . . .      Faith    .   (no shield)
rNeg    . . .      Spirit   .   b - +0 leather armour
rPois   .          Reflect  .   (helmet unavailable)
rElec   .          Harm     .   (no cloak)
rCorr   .          Rampage  .   (no gloves)
Will    .....                   (no boots)
Stlth   +.........              (no amulet)
HPRegen 0.11/turn               (no ring)
MPRegen 0.09/turn               (no ring)

@: brilliant
A: permanent stasis, dig shafts and tunnels, antennae 3, four strong arms
a: Dig, Shaft Self


You were on level 3 of the Dungeon.
You visited 1 branch of the dungeon, and saw 3 of its levels.

You collected 123 gold pieces.

Inventory:

Hand Weapons
 a - a +1 hand crossbow
 c - a +0 falchion (weapon)
Armour
 b - a +0 leather armour (worn)
Scrolls
 d - a scroll of enchant weapon {unknown}
 e - a scroll of torment {unknown}
 f - a scroll of identify {unknown}
 i - a scroll of teleportation {unknown}
 j - a scroll of enchant armour {unknown}
Potions
 h - a potion of haste


   Skills:
 - Level 2.1 Fighting
 * Level 5.5 Crossbows
 - Level 1.7 Dodging
 - Level 1.2 Stealth


You had 3 spell levels left.
You didn't know any spells.
Your spell library contained the following spells:

 Spells                   Type           Power      Damage    Failure   Level
 Sandblast                Erth           0%         2d4       43%         1
 Passwall                 Tmut/Erth      0%         N/A       56%         2
 Gell's Gravitas          Tloc           0%         N/A       80%         3
 Stone Arrow              Conj/Erth      0%         3d7       80%         3
 Teleport Other           Tloc           0%         N/A       80%         3
 Dispersal                Tloc           0%         N/A       100%        6


Dungeon Overview and Level Annotations

Branches:
Dungeon (3/15)

Altars:

Shops:
D:2 :

Annotations:
D:2 1 runed translucent door, Crazy Yiuf


Innate Abilities, Weirdness & Mutations

You cannot be hasted, slowed, berserked, paralysed or teleported.
You can dig through walls and to a lower floor.
You have a pair of large antennae on your head. (SInv)
Your four strong arms can wield two-handed weapons with a shield.


Message History

The hound pauses to sniff the ground.
The hound bites you.
You shoot a bolt. The bolt barely misses the hound.
The hound bites you. The hound bites you but does no damage.
You are too injured to fight recklessly!
You are too injured to fight recklessly!
You are too injured to fight recklessly!
The hound bites you but does no damage. The hound bites you.
* * * LOW HITPOINT WARNING * * *
You are too injured to fight recklessly!
Unknown command.
c - a +0 falchion (weapon)
You miss the hound.
The hound is heavily wounded.
The hound closely misses you. x2
You hit the hound.
The hound is severely wounded.
The hound bites you.
* * * LOW HITPOINT WARNING * * *
The hound bites you.
* * * LOW HITPOINT WARNING * * *
You miss the hound.
The hound is severely wounded.
The hound misses you. The hound barely misses you.
It was a potion of haste.
Your stasis prevents you from being hasted.
The hound closely misses you.
A frilled lizard comes into view.
The hound bites you.
* * * LOW HITPOINT WARNING * * *
The hound misses you. The hound barely misses you. The hound barely misses you.
The hound barely misses you. The hound barely misses you.
It was a potion of brilliance.
You feel clever all of a sudden. The hound bites you.
You die...

######## { #...<..#
#...##.# #########l
#.....@#######.........
#.....h.#..............
#.......#..............
#......................
#....##.#†.............
#.......#..............
#...#.################.
#..... . #...# .


You could see a hound.

Vanquished Creatures
  An adder (D:2)
  A worm (D:2)
  A dart slug (D:2)
  5 ball pythons
  6 endoplasms
  2 giant cockroaches
  2 goblins (D:1)
  2 hobgoblins
  4 jackals
  3 kobolds
  6 bats
  5 frilled lizards
  4 rats (D:1)
42 creatures vanquished.

Notes
Turn   | Place    | Note
-------+----------+-------------------------------------------
     0 | D:1      | Ajdolov the Formicid Hunter began the quest for the Orb.
     0 | D:1      | Reached XP level 1. HP: 16/16 MP: 1/1
    99 | D:1      | Reached XP level 2. HP: 22/22 MP: 2/2
   460 | D:1      | Found a faded altar of an unknown god.
   469 | D:1      | Reached XP level 3. HP: 20/27 MP: 3/3
   877 | D:1      | Reached skill level 5 in Crossbows
  1187 | D:2      | Found a runed translucent door.
  1188 | D:2      | Noticed Crazy Yiuf
  1456 | D:2      | Reached XP level 4. HP: 29/33 MP: 4/4
  1678 | D:2      | Found Ekerph's Book Shop.
  2035 | D:3      | Slain by a hound

Illustrated notes

Levels and vault maps discovered:
D:1:      lemuel_arrival_cross, layout_loops_ring,
          hellmonk_ecumenical_altar_pennies_from_heaven, chequers_garden,
          minmay_distorted
D:2:      layout_basic, serial_shops, nicolae_diamond_shop,
          kennysheep_generic_room_11, uniq_crazy_yiuf_cottage
D:3:      layout_basic

Skill      XL: |  1  2  3 |
---------------+----------+-----
Crossbows      | 5 |  5.5
Fighting       | |  2.1
Dodging        | |  1.7
Stealth        | |  1.2

Action                   |  1- 3 |  4- 6 || total
-------------------------+-------+-------++-------
Melee: Falchion          |       |     3 ||     3
 Fire: Hand crossbow     |   109 |    33 ||   142
 Abil: Dig               |     1 |       ||     1
  Use: Potion            |       |     2 ||     2
Armor: Leather armour    |    18 |    14 ||    32
Dodge: Dodged            |    27 |    22 ||    49

Table legend: (Time is in decaauts)
 A = Elapsed time spent in this place.
 B = Non-inter-level travel time spent in this place.
 C = Inter-level travel time spent in this place.
 D = Time resting spent in this place.
 E = Time spent auto-exploring this place.
 F = Levels seen in this place.
 G = Mean time per level.
                   A        B        C        D        E       F      G
               +--------+--------+--------+--------+--------+-----+--------+
         Total |   2077 |   1981 |     96 |    152 |   1508 |   3 |  692.3 |
       Dungeon |   2077 |   1981 |     96 |    152 |   1508 |   3 |  692.3 |
               +--------+--------+--------+--------+--------+-----+--------+

Top non-repeatable levels by time:
     D:1: 1059 daAuts
     D:2: 961 daAuts
     D:3: 57 daAuts
